 Dungeon Crawl Stone Soup version 0.27.1-4-g1640c2035a (webtiles) character file.

Game seed: 764807532292069968

100 unlimited1921 the Vexing (level 4, -12/34 HPs)
             Began as a Gnoll Arcane Marksman on Nov 1, 2021.
             Mangled by an orc (19 damage)
             ... on level 3 of the Dungeon.
             The game lasted 00:08:57 (3314 turns).

unlimited1921 the Vexing (Gnoll Arcane Marksman)    Turns: 3314, Time: 00:08:58

Health: -12/34     AC:  2    Str: 10    XL:     4   Next: 74%
Magic:  8/8        EV: 13    Int: 12    God:
Gold:   97         SH:  0    Dex: 13    Spells: 6/9 levels left

rFire    . . .     SeeInvis .   a - +0 hand crossbow
rCold    . . .     Faith    .   (no shield)
rNeg     . . .     Spirit   .   d - +0 robe
rPois    .         Reflect  .   (no helmet)
rElec    .         Harm     .   (no cloak)
rCorr    .         Rampage  .   (no gloves)
Will     .....                  (no boots)
Stlth    ++........             (no amulet)
HPRegen  0.11/turn              (no ring)
MPRegen  0.11/turn              (no ring)

@: brilliant
A: fangs 1, strong nose, distributed training
a: no special abilities


You were on level 3 of the Dungeon.
You visited 1 branch of the dungeon, and saw 3 of its levels.

You collected 97 gold pieces.

Inventory:

Hand Weapons
 a - a +0 hand crossbow (weapon)
 n - a +0 whip
 o - a +1 vampiric spear
Missiles
 c - 27 bolts (quivered ammo)
 e - 10 poisoned darts (quivered)
Armour
 d - a +0 robe (worn)
 j - a +0 leather armour
 m - a +0 ring mail
Scrolls
 b - a scroll of noise {unknown}
 f - a scroll of holy word {unknown}
 h - a scroll of fog {unknown}
 i - a scroll of amnesia {unknown}
 k - 2 scrolls of teleportation {unknown}
 p - a scroll of identify {unknown}
Potions
 g - 2 potions of brilliance
 l - a potion of might {unknown}


   Skills:
 + Level 2.8 Fighting
 + Level 1.2 Short Blades
 + Level 1.2 Long Blades
 + Level 1.2 Axes
 + Level 1.2 Maces & Flails
 + Level 1.2 Polearms
 + Level 1.2 Staves
 + Level 1.2 Slings
 + Level 1.2 Bows
 + Level 4.7 Crossbows
 + Level 1.2 Throwing
 + Level 1.2 Armour
 + Level 4.7 Dodging
 + Level 1.2 Stealth
 + Level 1.2 Shields
 + Level 1.2 Unarmed Combat
 + Level 3.0 Spellcasting
 + Level 1.0 Conjurations
 + Level 5.5 Hexes
 + Level 1.0 Summonings
 + Level 1.0 Necromancy
 + Level 1.0 Translocations
 + Level 1.0 Transmutations
 + Level 1.0 Fire Magic
 + Level 1.0 Ice Magic
 + Level 1.0 Air Magic
 + Level 1.0 Earth Magic
 + Level 1.0 Poison Magic
 + Level 1.3 Invocations
 + Level 1.2 Evocations


You had 6 spell levels left.
You knew the following spells:

 Your Spells              Type           Power      Damage    Failure   Level
a - Corona                Hex            24%        N/A       2%          1
b - Slow                  Hex            22%        N/A       3%          2

Your spell library contained the following spells:

 Spells                   Type           Power      Damage    Failure   Level
 Freeze                   Ice            24%        1d5       16%         1
 Inner Flame              Hex/Fire       14%        N/A       19%         3
 Portal Projectile        Hex/Tloc       28%        N/A       19%         3
 Cause Fear               Hex            11%        N/A       26%         4
 Frozen Ramparts          Ice            12%        1d3       43%         3
 Hailstorm                Conj/Ice       6%         3d4       85%         4


Dungeon Overview and Level Annotations

Branches:
Dungeon (3/15)

Altars:


Innate Abilities, Weirdness & Mutations

You have very sharp teeth.
Your uncanny sense of smell can sniff out nearby items.
Your experience applies equally to all skills.


Message History

No target in view!
The orc priest shouts!
An orc comes into view.
It is wielding a +2 whip of electrocution.
You shoot a bolt. The bolt barely misses the orc.
The orc shouts!
You shoot a bolt.
The bolt hits the orc priest but does no damage.
You shoot a bolt. The bolt hits the orc priest.
The orc priest is lightly wounded.
An orc wizard comes into view. It is wielding a +0 dagger.
You shoot a bolt. The bolt closely misses the orc priest.
The orc wizard shouts!
An orc comes into view. It is wielding a +0 club.
The orc wizard points at you and mumbles some strange words.
You are confused.
The orc shouts!
You are too confused!
You are too confused!
You are too confused!
You are too confused!
You are too confused!
You are too confused!
You bump into the rock wall.
You're too confused to move!
The orc priest misses you. The orc completely misses you.
You bump into the rock wall.
The orc priest closely misses you. The orc misses you.
You bump into the rock wall.
You feel less confused.
The orc priest casts a cantrip, but nothing happens.
The orc hits you with a +2 whip of electrocution!
You are electrocuted!!
Ouch! That really hurt!
* * * LOW HITPOINT WARNING * * *
It was a potion of brilliance.
You feel clever all of a sudden. The orc hits you but does no damage.
You are electrocuted!!
Ouch! That really hurt!
You die...

#....((( ....(.#
...(.## .....
.....# .$ #.#..#
..# ##.#oo# ...
..#o.# #.
#.##.#o@# ...
#..#....#..# #.#
..........(####.#
#...............
.###.##.#######.#
..............#.#
###.###.#####.#.#
∆ #.# #.# #.#.#
#.# #.# #.#.#


You could see an orc priest, an orc wizard and 2 orcs.

Vanquished Creatures
  4 adders
  A worm (D:2)
  A dart slug (D:2)
  An orc (D:3)
  A ball python (D:2)
  5 endoplasms
  2 giant cockroaches
  8 hobgoblins
  5 jackals (D:3)
  4 kobolds
  4 quokkas (D:2)
  3 bats
  2 frilled lizards
  7 goblins
  2 rats
50 creatures vanquished.

Notes
Turn   | Place    | Note
-------+----------+-------------------------------------------
     0 | D:1      | unlimited1921 the Gnoll Arcane Marksman began the quest for
                  | the Orb.
     0 | D:1      | Reached XP level 1. HP: 17/17 MP: 4/4
   441 | D:1      | Reached XP level 2. HP: 23/23 MP: 5/5
   494 | D:1      | Found a faded altar of an unknown god.
   520 | D:1      | Learned a level 2 spell: Slow
  1270 | D:2      | Reached XP level 3. HP: 18/28 MP: 7/7
  1725 | D:2      | Reached skill level 1 in Invocations
  2030 | D:3      | Reached skill level 1 in Short Blades
  2030 | D:3      | Reached skill level 1 in Long Blades
  2030 | D:3      | Reached skill level 1 in Axes
  2030 | D:3      | Reached skill level 1 in Maces & Flails
  2030 | D:3      | Reached skill level 1 in Polearms
  2030 | D:3      | Reached skill level 1 in Staves
  2030 | D:3      | Reached skill level 1 in Slings
  2030 | D:3      | Reached skill level 1 in Bows
  2030 | D:3      | Reached skill level 1 in Throwing
  2030 | D:3      | Reached skill level 1 in Armour
  2030 | D:3      | Reached skill level 1 in Stealth
  2030 | D:3      | Reached skill level 1 in Shields
  2030 | D:3      | Reached skill level 1 in Unarmed Combat
  2030 | D:3      | Reached skill level 1 in Evocations
  2045 | D:3      | Reached XP level 4. HP: 18/34 MP: 8/8
  2918 | D:3      | Reached skill level 1 in Conjurations
  2918 | D:3      | Reached skill level 1 in Summonings
  2918 | D:3      | Reached skill level 1 in Necromancy
  2918 | D:3      | Reached skill level 1 in Translocations
  2918 | D:3      | Reached skill level 1 in Transmutations
  2918 | D:3      | Reached skill level 1 in Fire Magic
  2918 | D:3      | Reached skill level 1 in Ice Magic
  2918 | D:3      | Reached skill level 1 in Air Magic
  2918 | D:3      | Reached skill level 1 in Earth Magic
  2918 | D:3      | Reached skill level 1 in Poison Magic
  3314 | D:3      | Mangled by an orc

Illustrated notes

Levels and vault maps discovered:
D:1:      minmay_arrival_shattered_statue, layout_rooms,
          dreamdust_ecumenical_altar_statues
D:2:      layout_rooms
D:3:      minmay_razor_zed, layout_basic, zin_treasury,
          amethyst_overflow_temple_binary, minmay_goblin_kobold_house

Skill      XL: |  1  2  3  4 |
---------------+-------------+-----
Invocations    | 1 |  1.3
Short Blades   | 1 |  1.2
Long Blades    | 1 |  1.2
Axes           | 1 |  1.2
Maces & Flails | 1 |  1.2
Polearms       | 1 |  1.2
Staves         | 1 |  1.2
Slings         | 1 |  1.2
Bows           | 1 |  1.2
Throwing       | 1 |  1.2
Armour         | 1 |  1.2
Stealth        | 1 |  1.2
Shields        | 1 |  1.2
Unarmed Combat | 1 |  1.2
Evocations     | 1 |  1.2
Spellcasting   | 3 |  3.0
Conjurations   | 1 |  1.0
Summonings     | 1 |  1.0
Necromancy     | 1 |  1.0
Translocations | 1 |  1.0
Transmutations | 1 |  1.0
Fire Magic     | 1 |  1.0
Ice Magic      | 1 |  1.0
Air Magic      | 1 |  1.0
Earth Magic    | 1 |  1.0
Poison Magic   | 1 |  1.0
Fighting       | |  2.8
Crossbows      | |  4.7
Dodging        | |  4.7
Hexes          | |  5.5

Action                   |  1- 3 |  4- 6 || total
-------------------------+-------+-------++-------
 Fire: Hand crossbow     |    93 |    51 ||   144
Throw: Dart              |       |     1 ||     1
  Use: Potion            |       |     1 ||     1
Armor: Robe              |     4 |     5 ||     9
Dodge: Dodged            |    20 |    31 ||    51
